 Dungeon Crawl Stone Soup version 0.31-a0-920-g28cbb04a8c (webtiles) character file.

Game seed: 14092426010099232149

1498 gelatine the Ruffian (level 8, -1/74 HPs)
             Began as a Troll Shapeshifter on Oct 18, 2023.
             Killed from afar by an electric eel (8 damage)
             ... with a bolt of electricity
             ... on level 5 of the Dungeon.
             The game lasted 00:13:08 (3343 turns).

gelatine the Ruffian (Troll Shapeshifter)           Turns: 3343, Time: 00:13:09

Health: -1/74      AC:  5    Str: 31    XL:     8   Next: 52%
Magic:  7/7        EV: 10    Int:  6    God:
Gold:   260        SH:  0    Dex:  9    Spells: 7/7 levels left

rFire   . .          .
                       - Unarmed
rCold   . . .        x - orb {*Rage}
rNeg    . . .        a - +1 animal skin
rPois   .            (helmet currently unavailable)
rElec   .            (cloak currently unavailable)
rCorr   .            (gloves unavailable)
SInv    .            (boots unavailable)
Will    .....        (no amulet)
Stlth   ++           n - +6 ring of strength
HPRegen 1.12/turn    (no ring)
MPRegen 0.10/turn

%: random rage (20%)
@: beast-form
A: beast (slay +2), large, unfitting armour, claws 3, regeneration 1, shaggy fur
1, tough skin 1
a: Begin Untransformation


You were on level 5 of the Dungeon.
You were a hulking beast.
You visited 1 branch of the dungeon, and saw 5 of its levels.
You also visited: Ossuary.

You collected 260 gold pieces.

Inventory:

Hand Weapons
 o - a +2 whip of electrocution
 s - a +5 hand axe
Armour
 a - a +1 animal skin (worn)
 e - a +2 pair of gloves
 h - a +0 cloak
 p - a +0 cloak
 x - an orb of wrath (worn)
Jewellery
 n - a +6 ring of strength (left claw)
Talismans
 c - a beast talisman (active)
 d - a flux talisman
Wands
 t - a wand of paralysis (2)
Scrolls
 q - 2 scrolls of immolation
 r - a scroll of blinking
Potions
 b - a potion of lignification
 f - 2 potions of heal wounds
 g - 4 potions of enlightenment {unknown}
 i - 7 potions of curing
 j - 2 potions of attraction
 k - a potion of brilliance
 l - 2 potions of degeneration {unknown}
 m - 2 potions of haste {unknown}


   Skills:
 * Level 2.6 Fighting
 * Level 4.0 Dodging
 * Level 1.9 Stealth
 * Level 7.8 Unarmed Combat
 * Level 4.8 Shapeshifting


You had 7 spell levels left.
You didn't know any spells.
Your spell library contained the following spells:

 Spells                   Type           Power      Damage    Failure   Level
 Blink                    Tloc           0%         N/A       58%         2
 Lesser Beckoning         Tloc           0%         N/A       58%         2
 Momentum Strike          Conj/Tloc      0%         3d8       58%         2


Dungeon Overview and Level Annotations

Branches:
Dungeon (5/15)            Ossuary (visited)
 Temple: D:4-7

Altars:
Dithmenos
Nemelex Xobeh


Innate Abilities, Weirdness & Mutations

You are a hulking beast.
Your limbs bulge with bestial killing power. (Slay +2)
You are too large for most types of armour.
You have claws for hands.
Your natural rate of healing is unusually fast.
You are covered in fur. (AC +1)
You have tough skin. (AC +1)


Message History

There is an open door here.
You can't wear that in your present form.
As you read the scroll of identify, it crumbles to dust.
k - a potion of brilliance
As you read the scroll of identify, it crumbles to dust.
i - 7 potions of curing You recover from your berserk rage.
As you read the scroll of identify, it crumbles to dust.
j - 2 potions of attraction
Okay, then.
The electric eel shoots out a bolt of lightning at you!
The bolt of electricity hits the plant!
The plant begins to die.
The bolt of electricity hits you!
You enter the shallow water.
The electric eel shoots out a bolt of lightning at you!
The bolt of electricity hits you!
There is an open door here.
The electric eel shoots out a bolt of lightning at you!
The bolt of electricity hits the electric eel.
The electric eel completely resists.
The bolt of electricity hits you.
You mangle the electric eel!!
You kill the electric eel!
You closely miss the electric eel.
The electric eel shoots out a bolt of lightning at you!
The bolt of electricity hits you! The bolt of electricity hits you.
The electric eel shoots out a bolt of lightning at you!
The bolt of electricity hits the electric eel.
The electric eel completely resists.
The bolt of electricity hits you.
You completely miss the electric eel.
The electric eel shoots out a bolt of lightning at you!
The bolt of electricity hits you. The bolt of electricity hits you!
The electric eel shoots out a bolt of lightning at you!
The bolt of electricity hits the plant!
The plant begins to die.
The bolt of electricity hits you!
* * * LOW HITPOINT WARNING * * *
The electric eel shoots out a bolt of lightning at you!
The bolt of electricity hits you!
* * * LOW HITPOINT WARNING * * *
The bolt of electricity hits you!
You die...

..##...########.## #....########
#.###'##≈.~...#..# #....'.....#.
#.# #.#≈≈.PP..'#.# #....###...##
..###.#≈![P....#~# #....'.#...#.
....#.#≈SSPP...#~## #....########
..#.#~##≈)[...##~~# #...(..#.#.#.
..#.##~##########~###......#'#'#.
###.###~##≈(?...#..##.....).....#
#.# #~#≈S$P~..h#.##........####
###.# #)#≈.......#.##......###
....# #.#≈≈~~S...#~##......#
##### #.##≈.~P..##~##......#
##~########~###......#
##~~~~~...## ######## ##########


You could see 2 electric eels.

Vanquished Creatures
  Grinder (D:3)
  A steam dragon (D:5)
  A vampire mosquito (D:5)
  Duvessa (D:5)
  A black bear (D:4)
  A centaur (D:5)
  A phantom (D:5)
  3 water moccasin zombies (Ossuary)
  Dowan (D:5)
  An electric eel (D:5)
  3 hounds (D:5)
  A jelly (D:4)
  An orc priest (D:4)
  A sleepcap (D:5)
  2 orc wizards (D:3)
  A scorpion zombie (D:5)
  2 mummies (Ossuary)
  2 hound zombies (D:5)
  A hound skeleton (D:5)
  6 adders
  8 adder zombies
  A worm (D:2)
  3 dart slugs
  11 orcs
  8 endoplasms
  4 giant cockroaches
  2 hobgoblins
  6 jackals
  2 quokkas
  10 ball pythons
  4 bats
  4 frilled lizards
  7 gnoll zombies (Ossuary)
  8 goblins
  4 hobgoblin zombies (Ossuary)
  3 kobolds
  4 kobold zombies (Ossuary)
  4 orc zombies (Ossuary)
  5 rats
130 creatures vanquished.

Notes
Turn   | Place    | Note
-------+----------+-------------------------------------------
     0 | D:1      | gelatine the Troll Shapeshifter began the quest for the
                  | Orb.
     0 | D:1      | Reached XP level 1. HP: 18/18 MP: 0/0
    52 | D:1      | Reached XP level 2. HP: 10/26 MP: 1/1
   331 | D:1      | Reached XP level 3. HP: 32/32 MP: 2/2
   470 | D:2      | Reached skill level 1 in Fighting
   509 | D:2      | Found a shadowy altar of Dithmenos.
   904 | D:2      | Found a faded altar of an unknown god.
  1159 | D:3      | Noticed Grinder
  1173 | D:3      | Killed Grinder
  1174 | D:3      | Reached skill level 4 in Unarmed Combat
  1174 | D:3      | Reached XP level 4. HP: 22/41 MP: 3/3
  1174 | D:3      | Reached XP level 5. HP: 26/48 MP: 4/4
  1291 | D:3      | Reached skill level 5 in Unarmed Combat
  1291 | D:3      | Reached XP level 6. HP: 42/55 MP: 5/5
  1754 | D:4      | Found a sparkling altar of Nemelex Xobeh.
  1960 | D:4      | Reached skill level 1 in Stealth
  2441 | D:5      | Entered Level 5 of the Dungeon
  2469 | D:5      | Reached XP level 7. HP: 63/63 MP: 6/6
  2498 | D:5      | Reached skill level 6 in Unarmed Combat
  2687 | D:5      | Found a sand-covered staircase.
  2694 | Ossuary  | Entered an ossuary
  2783 | Ossuary  | Reached skill level 7 in Unarmed Combat
  2809 | Ossuary  | Reached XP level 8. HP: 71/74 MP: 7/7
  3058 | D:5      | Noticed Dowan
  3064 | D:5      | Noticed Duvessa
  3078 | D:5      | Killed Duvessa
  3083 | D:5      | Killed Dowan
  3343 | D:5      | Killed from afar by an electric eel

Illustrated notes

Levels and vault maps discovered:
D:1:      lightli_arrival_boilingwater, layout_rooms
D:2:      layout_loops_ring, shapermc_ecumenical_altar_mp_vishouse,
          minmay_hexomino_r4
D:3:      layout_basic, hangedman_decor_growths, uniq_grinder
D:4:      layout_gridville, nemelex_xobeh_ov_fountains_minmay
D:5:      cheibrodos_two_vegetables, layout_basic,
          mainiacjoe_ossuary_entry_find_the_door, uniq_duvessa

Skill      XL: |  1  2  3  4  5  6  7  8 |
---------------+-------------------------+-----
Fighting       | 1 2 |  2.6
Dodging        | 2 3 4 |  4.0
Unarmed Combat | 4 5 7 |  7.8
Shapeshifting  | 4 |  4.8
Stealth        | 1 |  1.9

Action                     |  1- 3 |  4- 6 |  7- 9 || total
---------------------------+-------+-------+-------++-------
  Melee: Unarmed           |    90 |    73 |   149 ||   312
         Punch             |     2 |       |       ||     2
  Evoke: Wand              |       |       |     1 ||     1
    Use: Scroll            |       |     8 |     4 ||    12
   Stab: Sleeping          |     1 |       |     1 ||     2
         Distracted        |       |       |     1 ||     1
         Paralysed         |       |       |     1 ||     1
 Armour: Animal skin       |    50 |    48 |   115 ||   213
  Dodge: Dodged            |    47 |    31 |    57 ||   135

Table legend: (Time is in decaauts)
 A = Elapsed time spent in this place.
 B = Non-inter-level travel time spent in this place.
 C = Inter-level travel time spent in this place.
 D = Time resting spent in this place.
 E = Time spent auto-exploring this place.
 F = Levels seen in this place.
 G = Mean time per level.
                   A        B        C        D        E       F      G
               +--------+--------+--------+--------+--------+-----+--------+
         Total |   3412 |   3258 |    154 |      0 |   2139 |   6 |  568.7 |
       Dungeon |   3207 |   3053 |    154 |      0 |   2139 |   5 |  641.4 |
       Ossuary |    205 |    205 |      0 |      0 |      0 |   1 |  205.0 |
               +--------+--------+--------+--------+--------+-----+--------+

Top non-repeatable levels by time:
     D:4: 812 daAuts
     D:5: 759 daAuts
     D:2: 703 daAuts
     D:3: 510 daAuts
     D:1: 421 daAuts
 Ossuary: 205 daAuts
